[ AOE2 MATCH · #476135023 ]
Team RMGeorgians vs Magyars
[ REPLAY ANALYSIS · EXTRACTED FROM THE RECORDED GAME ]
Feudal
13:32
Castle
24:35
Imperial
—
| APM avg | 24.5 |
| APM peak | 66 |
| eAPM avg | 18.4 |
| Villagers / military | 106 / 47 |
Focus
⚔️ 19.0% · 🌾 81.0%
Monaspa ×25 · Militia ×7 · Scorpion ×6 · Spearman ×5 · Scout Cavalry ×4
Feudal
10:24
Castle
23:23
Imperial
38:49
| APM avg | 21.4 |
| APM peak | 46 |
| eAPM avg | 12.0 |
| Villagers / military | 89 / 76 |
Focus
⚔️ 31.2% · 🌾 68.8%
Cavalry Archer ×41 · Magyar Huszar ×15 · Spearman ×14 · Monk ×2 · Scout Cavalry ×2 · Trebuchet (Packed) ×2
Feudal
9:26
Castle
23:02
Imperial
38:38
| APM avg | 26.4 |
| APM peak | 49 |
| eAPM avg | 16.6 |
| Villagers / military | 107 / 95 |
Focus
⚔️ 30.4% · 🌾 69.6%
Spearman ×35 · Skirmisher ×25 · Archer ×21 · Cataphract ×11 · Trebuchet (Packed) ×3
Feudal
12:18
Castle
21:36
Imperial
—
| APM avg | 32.3 |
| APM peak | 82 |
| eAPM avg | 12.2 |
| Villagers / military | 75 / 110 |
Focus
⚔️ 37.2% · 🌾 62.8%
Woad Raider ×75 · Scorpion ×18 · Spearman ×11 · Knight ×2 · Mangonel ×2 · Scout Cavalry ×2
Match map
Initial resources + every placement click. Lines = walls · curves = elevation contours. ◆ gold · ⬟ stone · ● berries · ✦ relic · ◌ wall gap
Your base· Open — opponent sealed themselves in
jwholl's base· ✓ Closed at 23:23 · 76t walls · no gate
freewillie's base· ✓ Closed at 23:02 · 55t walls · no gate
EL SANTO PADRE's base· Open — opponent sealed themselves in
Smoothed initial terrain · ◌ = detected wall gap · hover for details
Inputs per minute
— EL PADRE SANTO - - jwholl
Build order — EL PADRE SANTO
First 150 of 242 actions detected
| 0:03 | Research | Loom |
| 0:04 | Create | Villager (Male) |
| 0:04 | Create | Villager (Male) |
| 0:04 | Create | Villager (Male) |
| 0:04 | Create | Villager (Male) |
| 0:04 | Create | Villager (Male) |
| 0:13 | Build | House |
| 0:13 | Build | House |
| 0:14 | Build | House |
| 1:54 | Create | Villager (Male) |
| 2:05 | Build | House |
| 2:37 | Create | Villager (Male) |
| 2:38 | Create | Villager (Male) |
| 3:01 | Create | Villager (Male) |
| 3:34 | Create | Villager (Male) |
| 3:34 | Create | Villager (Male) |
| 4:06 | Create | Villager (Male) |
| 4:07 | Create | Villager (Male) |
| 4:14 | Create | Villager (Male) |
| 4:46 | Create | Villager (Male) |
| 4:46 | Create | Villager (Male) |
| 5:05 | Create | Villager (Male) |
| 5:19 | Create | Villager (Male) |
| 5:40 | Create | Villager (Male) |
| 5:40 | Create | Villager (Male) |
| 6:10 | Create | Villager (Male) |
| 6:40 | Build | Mill |
| 6:42 | Create | Villager (Male) |
| 6:42 | Create | Villager (Male) |
| 6:42 | Create | Villager (Male) |
| 7:09 | Create | Villager (Male) |
| 7:09 | Create | Villager (Male) |
| 7:34 | Build | House |
| 7:35 | Build | House |
| 7:36 | Build | House |
| 7:51 | Build | Farm |
| 7:52 | Build | Farm |
| 7:53 | Build | Farm |
| 7:56 | Create | Villager (Male) |
| 7:56 | Create | Villager (Male) |
| 7:56 | Create | Villager (Male) |
| 7:57 | Create | Villager (Male) |
| 7:57 | Create | Villager (Male) |
| 7:57 | Create | Villager (Male) |
| 8:02 | Create | Villager (Male) |
| 8:02 | Create | Villager (Male) |
| 8:13 | Build | Farm |
| 9:34 | Build | Farm |
| 9:52 | Build | Farm |
| 10:44 | Research | Feudal Age |
| 11:17 | Build | Barracks |
| 11:44 | Build | House |
| 11:46 | Build | House |
| 11:56 | Create | Militia |
| 11:56 | Create | Militia |
| 11:56 | Create | Militia |
| 11:57 | Create | Militia |
| 11:57 | Create | Militia |
| 12:01 | Create | Villager (Male) |
| 12:01 | Create | Villager (Male) |
| 12:36 | Create | Militia |
| 12:36 | Create | Militia |
| 12:46 | Build | House |
| 12:53 | Create | Villager (Male) |
| 12:53 | Create | Villager (Male) |
| 13:32 | Age | Feudal Age |
| 13:36 | Create | Spearman |
| 13:37 | Create | Spearman |
| 13:37 | Create | Spearman |
| 13:39 | Create | Villager (Male) |
| 13:54 | Build | Watch Tower |
| 14:20 | Create | Spearman |
| 14:20 | Create | Spearman |
| 14:36 | Create | Villager (Male) |
| 14:36 | Create | Villager (Male) |
| 15:21 | Research | Man-at-Arms (upgrade) |
| 15:36 | Build | Farm |
| 15:37 | Build | Farm |
| 15:37 | Build | Farm |
| 15:40 | Build | Farm |
| 15:54 | Create | Villager (Male) |
| 15:59 | Build | Farm |
| 16:45 | Create | Villager (Male) |
| 16:45 | Create | Villager (Male) |
| 17:15 | Build | Farm |
| 17:16 | Build | Farm |
| 17:16 | Build | Farm |
| 17:18 | Build | Farm |
| 17:21 | Create | Villager (Male) |
| 17:21 | Create | Villager (Male) |
| 18:15 | Build | Stable |
| 18:48 | Create | Villager (Male) |
| 18:49 | Create | Villager (Male) |
| 18:57 | Build | Farm |
| 20:31 | Build | House |
| 20:32 | Build | House |
| 20:33 | Build | House |
| 21:04 | Build | Blacksmith |
| 21:30 | Create | Villager (Male) |
| 21:30 | Create | Villager (Male) |
| 21:52 | Research | Castle Age |
| 22:15 | Research | Forging |
| 22:23 | Create | Scout Cavalry |
| 22:23 | Create | Scout Cavalry |
| 22:44 | Research | Arson |
| 22:50 | Create | Scout Cavalry |
| 22:50 | Create | Scout Cavalry |
| 23:20 | Research | Scale Barding Armor |
| 23:25 | Build | Market |
| 24:24 | Research | Bloodlines |
| 24:35 | Age | Castle Age |
| 24:39 | Create | Villager (Male) |
| 24:40 | Create | Villager (Male) |
| 24:40 | Create | Villager (Male) |
| 24:40 | Create | Villager (Male) |
| 24:56 | Create | Villager (Male) |
| 24:56 | Create | Villager (Male) |
| 25:14 | Build | Castle |
| 25:15 | Create | Villager (Male) |
| 25:15 | Create | Villager (Male) |
| 25:32 | Build | Siege Workshop |
| 25:59 | Create | Villager (Male) |
| 26:00 | Create | Villager (Male) |
| 26:00 | Create | Villager (Male) |
| 26:50 | Create | Monaspa |
| 26:50 | Create | Monaspa |
| 27:35 | Create | Monaspa |
| 27:35 | Create | Monaspa |
| 27:38 | Create | Scorpion |
| 28:08 | Build | Stone Wall |
| 28:19 | Create | Monaspa |
| 28:19 | Create | Monaspa |
| 28:37 | Create | Scorpion |
| 28:40 | Create | Villager (Male) |
| 28:41 | Create | Villager (Male) |
| 28:50 | Build | Mule Cart |
| 29:14 | Build | Stone Wall |
| 29:18 | Create | Villager (Male) |
| 29:19 | Create | Villager (Male) |
| 29:19 | Create | Villager (Male) |
| 29:28 | Build | Farm |
| 29:38 | Create | Scorpion |
| 29:38 | Create | Scorpion |
| 29:56 | Create | Villager (Male) |
| 29:56 | Create | Villager (Male) |
| 30:09 | Create | Villager (Male) |
| 30:09 | Create | Villager (Male) |
| 30:14 | Build | Farm |
| 30:38 | Build | Farm |
| 30:49 | Create | Villager (Male) |
Build order — jwholl
First 150 of 259 actions detected
| 0:01 | Create | Villager (Male) |
| 0:01 | Create | Villager (Male) |
| 0:01 | Create | Villager (Male) |
| 0:02 | Create | Villager (Male) |
| 0:03 | Build | House |
| 0:05 | Build | House |
| 2:00 | Create | Villager (Male) |
| 2:09 | Build | Lumber Camp |
| 2:19 | Create | Villager (Male) |
| 2:20 | Create | Villager (Male) |
| 2:53 | Create | Villager (Male) |
| 3:12 | Create | Villager (Male) |
| 4:15 | Build | House |
| 4:17 | Create | Villager (Male) |
| 4:17 | Create | Villager (Male) |
| 4:34 | Create | Villager (Male) |
| 4:57 | Build | Mill |
| 5:23 | Create | Villager (Male) |
| 5:33 | Create | Villager (Male) |
| 5:55 | Create | Villager (Male) |
| 6:58 | Create | Villager (Male) |
| 6:59 | Create | Villager (Male) |
| 7:31 | Research | Loom |
| 8:06 | Research | Feudal Age |
| 8:20 | Create | Villager (Male) |
| 8:45 | Build | Barracks |
| 9:00 | Build | House |
| 9:06 | Create | Villager (Male) |
| 9:55 | Build | Palisade Wall |
| 10:03 | Build | House |
| 10:24 | Age | Feudal Age |
| 10:29 | Build | Stable |
| 10:40 | Create | Villager (Male) |
| 11:01 | Create | Spearman |
| 11:01 | Create | Spearman |
| 11:09 | Build | House |
| 11:16 | Build | Palisade Wall |
| 11:21 | Research | Double-Bit Axe |
| 11:25 | Create | Scout Cavalry |
| 11:25 | Create | Scout Cavalry |
| 11:32 | Build | Palisade Wall |
| 11:47 | Create | Villager (Male) |
| 11:47 | Create | Villager (Male) |
| 11:53 | Build | Mining Camp |
| 12:09 | Build | Palisade Wall |
| 12:23 | Build | House |
| 12:48 | Build | Palisade Wall |
| 13:05 | Build | House |
| 13:11 | Build | Palisade Wall |
| 13:19 | Create | Villager (Male) |
| 13:20 | Create | Villager (Male) |
| 13:21 | Create | Villager (Male) |
| 13:45 | Build | Palisade Wall |
| 15:13 | Build | House |
| 15:20 | Build | Blacksmith |
| 15:30 | Create | Villager (Male) |
| 15:31 | Create | Villager (Male) |
| 15:32 | Create | Villager (Male) |
| 15:34 | Research | Horse Collar |
| 15:38 | Build | Farm |
| 15:38 | Build | Farm |
| 15:39 | Build | Farm |
| 15:39 | Build | Farm |
| 15:39 | Build | Farm |
| 15:49 | Create | Villager (Male) |
| 16:53 | Build | House |
| 16:56 | Build | Farm |
| 16:58 | Create | Villager (Male) |
| 16:58 | Create | Villager (Male) |
| 17:03 | Build | Farm |
| 17:04 | Create | Villager (Male) |
| 17:05 | Create | Villager (Male) |
| 17:23 | Build | Palisade Wall |
| 17:34 | Build | Palisade Wall |
| 17:36 | Create | Villager (Male) |
| 17:36 | Create | Villager (Male) |
| 17:37 | Create | Villager (Male) |
| 17:41 | Build | Farm |
| 17:41 | Build | Farm |
| 17:42 | Build | Farm |
| 17:42 | Build | Farm |
| 17:43 | Build | Farm |
| 18:01 | Build | Farm |
| 18:01 | Build | Farm |
| 18:01 | Build | Farm |
| 18:01 | Build | Farm |
| 18:02 | Build | Farm |
| 18:06 | Build | Farm |
| 18:14 | Build | Farm |
| 18:49 | Build | Farm |
| 18:53 | Create | Villager (Male) |
| 19:29 | Build | Farm |
| 19:32 | Build | Farm |
| 19:50 | Build | Palisade Wall |
| 19:59 | Build | Farm |
| 20:43 | Research | Castle Age |
| 21:08 | Build | Archery Range |
| 21:22 | Build | Archery Range |
| 21:53 | Create | Villager (Male) |
| 21:54 | Create | Villager (Male) |
| 22:25 | Research | Fletching |
| 22:32 | Build | House |
| 22:42 | Research | Padded Archer Armor |
| 23:23 | Age | Castle Age |
| 23:25 | Create | Cavalry Archer |
| 23:25 | Create | Cavalry Archer |
| 23:26 | Create | Cavalry Archer |
| 23:26 | Create | Cavalry Archer |
| 23:27 | Create | Cavalry Archer |
| 23:54 | Build | Town Center |
| 24:03 | Build | House |
| 24:08 | Create | Villager (Male) |
| 24:09 | Create | Villager (Male) |
| 24:15 | Research | Bodkin Arrow |
| 24:31 | Create | Spearman |
| 24:31 | Create | Spearman |
| 24:48 | Build | House |
| 24:58 | Research | Bloodlines |
| 25:09 | Create | Villager (Male) |
| 25:09 | Create | Villager (Male) |
| 25:20 | Create | Cavalry Archer |
| 25:21 | Create | Cavalry Archer |
| 25:44 | Create | Villager (Male) |
| 25:44 | Create | Villager (Male) |
| 25:45 | Create | Villager (Male) |
| 25:58 | Create | Cavalry Archer |
| 25:58 | Create | Cavalry Archer |
| 26:07 | Build | Palisade Gate |
| 26:13 | Build | House |
| 26:15 | Create | Villager (Male) |
| 26:16 | Create | Villager (Male) |
| 26:19 | Create | Villager (Male) |
| 26:19 | Create | Villager (Male) |
| 26:26 | Create | Cavalry Archer |
| 26:26 | Create | Cavalry Archer |
| 26:26 | Create | Cavalry Archer |
| 26:57 | Build | House |
| 27:00 | Build | Farm |
| 27:39 | Build | University |
| 27:53 | Research | Pikeman (upgrade) |
| 28:03 | Create | Cavalry Archer |
| 28:03 | Create | Cavalry Archer |
| 28:03 | Create | Cavalry Archer |
| 28:49 | Research | Ballistics |
| 28:56 | Build | Farm |
| 29:37 | Build | Town Center |
| 29:40 | Create | Villager (Male) |
| 29:40 | Create | Villager (Male) |
| 29:40 | Create | Villager (Male) |
| 29:41 | Create | Villager (Male) |
Build order — freewillie
First 150 of 356 actions detected
| 0:01 | Create | Villager (Male) |
| 0:02 | Create | Villager (Male) |
| 0:03 | Build | House |
| 0:05 | Build | House |
| 0:43 | Create | Villager (Male) |
| 0:43 | Create | Villager (Male) |
| 1:26 | Create | Villager (Male) |
| 1:26 | Create | Villager (Male) |
| 1:50 | Build | Lumber Camp |
| 2:06 | Create | Villager (Male) |
| 2:18 | Create | Villager (Male) |
| 2:52 | Create | Villager (Male) |
| 2:52 | Create | Villager (Male) |
| 3:16 | Create | Villager (Male) |
| 3:49 | Create | Villager (Male) |
| 3:49 | Create | Villager (Male) |
| 3:53 | Build | House |
| 3:54 | Build | House |
| 4:39 | Create | Villager (Male) |
| 4:40 | Create | Villager (Male) |
| 4:45 | Build | Mill |
| 5:09 | Create | Villager (Male) |
| 5:38 | Create | Villager (Male) |
| 6:02 | Research | Loom |
| 6:51 | Create | Villager (Male) |
| 7:15 | Research | Feudal Age |
| 7:32 | Build | Lumber Camp |
| 8:19 | Create | Villager (Male) |
| 8:19 | Create | Villager (Male) |
| 8:48 | Build | Barracks |
| 8:55 | Create | Villager (Male) |
| 8:55 | Create | Villager (Male) |
| 9:26 | Age | Feudal Age |
| 9:30 | Create | Villager (Male) |
| 9:51 | Build | Archery Range |
| 9:53 | Create | Spearman |
| 9:56 | Create | Villager (Male) |
| 10:07 | Research | Double-Bit Axe |
| 10:08 | Research | Double-Bit Axe |
| 10:22 | Build | House |
| 10:24 | Build | Palisade Wall |
| 10:30 | Create | Spearman |
| 10:50 | Create | Skirmisher |
| 10:50 | Create | Skirmisher |
| 10:52 | Create | Skirmisher |
| 10:58 | Build | House |
| 11:04 | Build | House |
| 11:27 | Create | Spearman |
| 11:28 | Create | Skirmisher |
| 11:28 | Create | Skirmisher |
| 11:31 | Create | Villager (Male) |
| 11:36 | Build | Farm |
| 11:36 | Build | Farm |
| 11:36 | Build | Farm |
| 11:37 | Build | Farm |
| 11:37 | Build | Farm |
| 11:53 | Build | House |
| 11:57 | Build | House |
| 12:00 | Create | Skirmisher |
| 12:01 | Create | Spearman |
| 12:14 | Build | Farm |
| 12:34 | Build | Palisade Wall |
| 12:39 | Build | Palisade Wall |
| 12:42 | Build | Palisade Wall |
| 12:59 | Create | Villager (Male) |
| 12:59 | Create | Villager (Male) |
| 13:05 | Build | Farm |
| 13:05 | Build | Farm |
| 13:05 | Build | Farm |
| 13:05 | Build | Farm |
| 13:06 | Build | Farm |
| 13:06 | Build | Farm |
| 13:14 | Create | Villager (Male) |
| 14:29 | Create | Villager (Male) |
| 14:30 | Create | Villager (Male) |
| 14:30 | Create | Villager (Male) |
| 14:31 | Create | Villager (Male) |
| 14:34 | Build | House |
| 14:37 | Build | Palisade Wall |
| 14:40 | Build | Palisade Wall |
| 14:49 | Build | House |
| 14:53 | Build | Palisade Wall |
| 15:06 | Build | Farm |
| 15:06 | Build | Farm |
| 15:06 | Build | Farm |
| 15:06 | Build | Farm |
| 15:20 | Build | Mining Camp |
| 15:38 | Build | Archery Range |
| 15:45 | Build | House |
| 16:25 | Build | Palisade Wall |
| 16:53 | Create | Villager (Male) |
| 16:53 | Create | Villager (Male) |
| 16:53 | Create | Villager (Male) |
| 17:10 | Build | Farm |
| 17:10 | Build | Farm |
| 17:11 | Build | Farm |
| 17:11 | Build | Farm |
| 17:11 | Build | Farm |
| 17:15 | Create | Archer |
| 17:15 | Create | Archer |
| 17:15 | Create | Archer |
| 17:35 | Build | Blacksmith |
| 17:42 | Build | Palisade Wall |
| 17:54 | Create | Skirmisher |
| 18:04 | Create | Skirmisher |
| 18:07 | Create | Archer |
| 18:17 | Create | Villager (Male) |
| 18:17 | Create | Villager (Male) |
| 18:18 | Create | Villager (Male) |
| 18:18 | Create | Villager (Male) |
| 18:38 | Create | Archer |
| 18:42 | Research | Padded Archer Armor |
| 18:57 | Build | House |
| 19:05 | Create | Villager (Male) |
| 19:36 | Create | Skirmisher |
| 19:40 | Create | Skirmisher |
| 19:58 | Create | Villager (Male) |
| 19:58 | Create | Villager (Male) |
| 19:59 | Create | Villager (Male) |
| 20:05 | Build | Farm |
| 20:13 | Research | Castle Age |
| 20:29 | Create | Skirmisher |
| 20:29 | Create | Archer |
| 20:30 | Create | Archer |
| 20:34 | Build | Farm |
| 20:35 | Build | Farm |
| 20:35 | Build | Farm |
| 20:35 | Build | Farm |
| 21:19 | Create | Villager (Male) |
| 21:20 | Create | Villager (Male) |
| 21:50 | Research | Fletching |
| 21:57 | Build | Archery Range |
| 22:00 | Build | Archery Range |
| 22:22 | Build | Market |
| 22:27 | Build | Farm |
| 22:29 | Build | Farm |
| 22:31 | Research | Horse Collar |
| 22:55 | Create | Spearman |
| 22:55 | Create | Spearman |
| 22:55 | Create | Spearman |
| 23:02 | Build | Farm |
| 23:02 | Age | Castle Age |
| 23:07 | Research | Crossbowman (upgrade) |
| 23:11 | Research | Thumb Ring |
| 23:14 | Research | Bodkin Arrow |
| 23:15 | Research | Padded Archer Armor |
| 23:21 | Create | Archer |
| 23:21 | Create | Archer |
| 23:22 | Create | Archer |
| 23:26 | Create | Archer |
Build order — EL SANTO PADRE
First 150 of 249 actions detected
| 0:03 | Create | Villager (Male) |
| 0:04 | Create | Villager (Male) |
| 0:04 | Create | Villager (Male) |
| 0:04 | Create | Villager (Male) |
| 0:04 | Create | Villager (Male) |
| 0:05 | Create | Villager (Male) |
| 0:06 | Build | House |
| 0:09 | Build | House |
| 0:57 | Research | Loom |
| 1:28 | Create | Villager (Male) |
| 1:28 | Create | Villager (Male) |
| 2:10 | Create | Villager (Male) |
| 2:37 | Create | Villager (Male) |
| 2:38 | Create | Villager (Male) |
| 3:06 | Build | Lumber Camp |
| 3:11 | Create | Villager (Male) |
| 3:12 | Create | Villager (Male) |
| 3:12 | Create | Villager (Male) |
| 3:12 | Create | Villager (Male) |
| 3:42 | Build | House |
| 3:43 | Build | House |
| 3:48 | Create | Villager (Male) |
| 3:48 | Create | Villager (Male) |
| 4:04 | Create | Villager (Male) |
| 4:05 | Create | Villager (Male) |
| 4:32 | Create | Villager (Male) |
| 4:32 | Create | Villager (Male) |
| 4:32 | Create | Villager (Male) |
| 4:33 | Create | Villager (Male) |
| 5:09 | Create | Villager (Male) |
| 5:09 | Create | Villager (Male) |
| 5:30 | Create | Villager (Male) |
| 5:30 | Create | Villager (Male) |
| 5:52 | Create | Villager (Male) |
| 5:52 | Create | Villager (Male) |
| 6:25 | Build | Mill |
| 7:16 | Build | Mining Camp |
| 8:36 | Build | Farm |
| 8:53 | Build | Farm |
| 9:02 | Build | Farm |
| 9:29 | Build | Barracks |
| 10:08 | Research | Feudal Age |
| 10:20 | Build | Farm |
| 10:34 | Build | Farm |
| 10:40 | Build | Farm |
| 10:44 | Build | Farm |
| 10:49 | Build | Farm |
| 10:53 | Build | Farm |
| 11:02 | Create | Villager (Male) |
| 11:02 | Create | Villager (Male) |
| 11:02 | Create | Villager (Male) |
| 11:03 | Create | Villager (Male) |
| 11:03 | Create | Villager (Male) |
| 11:17 | Build | House |
| 11:22 | Build | House |
| 11:42 | Create | Villager (Male) |
| 11:42 | Create | Villager (Male) |
| 11:43 | Create | Villager (Male) |
| 11:43 | Create | Villager (Male) |
| 12:18 | Age | Feudal Age |
| 12:25 | Build | Stable |
| 12:31 | Research | Double-Bit Axe |
| 12:55 | Research | Horse Collar |
| 12:55 | Research | Horse Collar |
| 13:49 | Build | Blacksmith |
| 13:59 | Create | Scout Cavalry |
| 13:59 | Create | Scout Cavalry |
| 14:04 | Create | Spearman |
| 14:05 | Create | Spearman |
| 14:24 | Create | Spearman |
| 14:25 | Create | Spearman |
| 14:39 | Create | Villager (Male) |
| 14:40 | Create | Villager (Male) |
| 14:48 | Build | Mining Camp |
| 15:13 | Build | House |
| 15:17 | Build | House |
| 15:22 | Build | House |
| 15:53 | Build | Farm |
| 15:58 | Build | Farm |
| 16:04 | Build | Farm |
| 17:01 | Build | Farm |
| 17:31 | Build | Market |
| 17:39 | Build | Archery Range |
| 18:26 | Create | Spearman |
| 18:26 | Create | Spearman |
| 18:56 | Research | Castle Age |
| 19:25 | Research | Stone Mining |
| 19:30 | Create | Spearman |
| 19:30 | Create | Spearman |
| 19:55 | Create | Spearman |
| 19:55 | Create | Spearman |
| 19:55 | Create | Spearman |
| 21:15 | Research | Scale Mail Armor |
| 21:17 | Research | Forging |
| 21:28 | Create | Villager (Male) |
| 21:28 | Create | Villager (Male) |
| 21:28 | Create | Villager (Male) |
| 21:29 | Create | Villager (Male) |
| 21:29 | Create | Villager (Male) |
| 21:30 | Create | Villager (Male) |
| 21:36 | Age | Castle Age |
| 21:48 | Create | Knight |
| 21:49 | Create | Knight |
| 22:02 | Build | Lumber Camp |
| 22:44 | Build | Farm |
| 22:56 | Build | Castle |
| 23:33 | Build | Farm |
| 23:37 | Create | Villager (Male) |
| 23:37 | Create | Villager (Male) |
| 23:37 | Create | Villager (Male) |
| 23:38 | Create | Villager (Male) |
| 23:38 | Create | Villager (Male) |
| 23:38 | Create | Villager (Male) |
| 23:38 | Create | Villager (Male) |
| 23:39 | Create | Villager (Male) |
| 24:47 | Build | Farm |
| 24:50 | Build | Farm |
| 24:54 | Build | Farm |
| 24:59 | Build | Farm |
| 25:03 | Research | Heavy Plow |
| 25:06 | Create | Woad Raider |
| 25:06 | Create | Woad Raider |
| 25:06 | Create | Woad Raider |
| 25:06 | Create | Woad Raider |
| 25:07 | Create | Woad Raider |
| 25:23 | Build | House |
| 25:25 | Build | House |
| 25:28 | Build | House |
| 25:29 | Create | Woad Raider |
| 25:29 | Create | Woad Raider |
| 25:40 | Create | Woad Raider |
| 25:40 | Create | Woad Raider |
| 26:04 | Create | Woad Raider |
| 26:04 | Create | Woad Raider |
| 26:07 | Create | Woad Raider |
| 26:08 | Create | Woad Raider |
| 26:24 | Build | Siege Workshop |
| 26:41 | Research | Bow Saw |
| 26:52 | Create | Woad Raider |
| 26:53 | Create | Woad Raider |
| 27:26 | Create | Woad Raider |
| 27:26 | Create | Woad Raider |
| 27:26 | Create | Woad Raider |
| 27:44 | Build | Siege Workshop |
| 27:46 | Create | Scorpion |
| 27:47 | Create | Scorpion |
| 27:47 | Create | Scorpion |
| 27:54 | Create | Woad Raider |
| 27:54 | Create | Woad Raider |
| 27:54 | Create | Woad Raider |
Match timeline
| 8:45 | jwholl · first_building Barracks |
| 8:48 | freewillie · first_building Barracks |
| 9:26 | freewillie · age_up feudal |
| 9:29 | EL SANTO PADRE · first_building Barracks |
| 9:51 | freewillie · first_building Archery Range |
| 9:55 | jwholl · wall_segment Palisade Wall x12 |
| 10:24 | jwholl · age_up feudal |
| 10:24 | freewillie · wall_segment Palisade Wall x1 |
| 10:29 | jwholl · first_building Stable |
| 11:16 | jwholl · wall_segment Palisade Wall x6 |
| 11:17 | EL PADRE SANTO · first_building Barracks |
| 11:32 | jwholl · wall_segment Palisade Wall x4 |
| 12:09 | jwholl · wall_segment Palisade Wall x6 |
| 12:18 | EL SANTO PADRE · age_up feudal |
| 12:25 | EL SANTO PADRE · first_building Stable |
| 12:34 | freewillie · wall_segment Palisade Wall x9 |
| 12:39 | freewillie · wall_segment Palisade Wall x4 |
| 12:42 | freewillie · wall_segment Palisade Wall x9 |
| 12:48 | jwholl · wall_segment Palisade Wall x1 |
| 13:11 | jwholl · wall_segment Palisade Wall x6 |
| 13:32 | EL PADRE SANTO · age_up feudal |
| 13:45 | jwholl · wall_segment Palisade Wall x17 |
| 14:37 | freewillie · wall_segment Palisade Wall x3 |
| 14:40 | freewillie · wall_segment Palisade Wall x7 |
| 14:53 | freewillie · wall_segment Palisade Wall x11 |
| 16:25 | freewillie · wall_segment Palisade Wall x9 |
| 17:23 | jwholl · wall_segment Palisade Wall x16 |
| 17:34 | jwholl · wall_segment Palisade Wall x7 |
| 17:39 | EL SANTO PADRE · first_building Archery Range |
| 17:42 | freewillie · wall_segment Palisade Wall x5 |
| 18:15 | EL PADRE SANTO · first_building Stable |
| 19:50 | jwholl · wall_segment Palisade Wall x1 |
| 21:08 | jwholl · first_building Archery Range |
| 21:36 | EL SANTO PADRE · age_up castle |
| 22:56 | EL SANTO PADRE · first_building Castle |
| 23:02 | freewillie · age_up castle |
| 23:23 | jwholl · age_up castle |
| 24:35 | EL PADRE SANTO · age_up castle |
| 24:37 | EL PADRE SANTO · first_market_buy 100 stone |
| 24:44 | EL PADRE SANTO · first_market_sell 100 wood |
| 25:14 | EL PADRE SANTO · first_building Castle |
| 25:32 | EL PADRE SANTO · first_building Siege Workshop |
| 26:24 | EL SANTO PADRE · first_building Siege Workshop |
| 28:08 | EL PADRE SANTO · wall_segment Stone Wall x10 |
| 29:14 | EL PADRE SANTO · wall_segment Stone Wall x7 |
| 31:48 | EL PADRE SANTO · wall_segment Stone Wall x4 |
| 32:35 | freewillie · first_market_buy 100 stone |
| 32:43 | freewillie · first_building Castle |
| 33:43 | EL PADRE SANTO · first_building Monastery |
| 34:31 | jwholl · first_building Monastery |
| 36:52 | freewillie · wall_segment Palisade Wall x1 |
| 36:58 | freewillie · wall_segment Palisade Wall x1 |
| 37:08 | jwholl · first_building Castle |
| 38:38 | freewillie · age_up imperial |
| 38:49 | jwholl · age_up imperial |
| 41:22 | EL PADRE SANTO · first_building Archery Range |
| 42:39 | EL SANTO PADRE · resign |
[ AI ANALYSIS · 1 CREDIT ]
What really happened in this match?
Wolo.gg analyzes every decision: build order, eco, micro, common mistakes by bracket. Personalized analysis on WhatsApp or Discord in 30 seconds.
Civ guide
Georgians
Map guide
Arabia
Perfil
EL_PUERCO_REDENTOR